 Dungeon Crawl Stone Soup version 0.23.2-1-ga50397a (webtiles) character file.

Game seed: 6831202558535570359

93 goulibeur the Distorting Demonspawn (level 4, -18/35 HPs)
             Began as a Demonspawn Abyssal Knight on May 19, 2019.
             Was a Believer of Lugonu.
             Demolished by a kobold
             ... wielding a +2 short sword of electrocution
              (20 damage)
             ... on level 2 of the Dungeon.
             The game lasted 00:12:06 (1543 turns).

goulibeur the Distorting Demonspawn (DsAK)          Turns: 1543, Time: 00:12:09

Health: -18/35     AC:  8    Str: 12    XL:     4   Next: 36%
Magic:  7/7        EV:  5    Int: 14    God:    Lugonu [**....]
Gold:   74         SH:  5    Dex: 13    Spells: 3/3 levels left

rFire    . . .     SeeInvis .   a - +2 short sword
rCold    . . .     Gourm    .   g - +1 buckler
rNeg     . . .     Faith    .   s - +0 chain mail
rPois    +         Spirit   .   (helmet restricted)
rElec    .         Reflect  .   (no cloak)
rCorr    .         Harm     .   (no gloves)
MR       .....                  (no boots)
Stlth    ..........             (no amulet)
HPRegen  0.11/turn              l - ring of poison resistance
MPRegen  0.10/turn              (no ring)

@: lethally poisoned (-18 -> -20)
A: antennae 1, powered by pain 1
a: Depart the Abyss, Bend Space, Renounce Religion


You were on level 2 of the Dungeon.
You worshipped Lugonu.
Lugonu was pleased with you.
You were not hungry.

You visited 1 branch of the dungeon, and saw 2 of its levels.
You visited the Abyss 1 time.

You collected 74 gold pieces.

Inventory:

Hand Weapons
 a - a +2 short sword (weapon)
Armour
 b - a +0 leather armour
 g - a +1 buckler (worn)
 s - a +0 chain mail (worn)
Jewellery
 l - a ring of poison resistance (left hand)
 q - a cursed ring of ice {unknown}
 t - an uncursed amulet of harm
Wands
 o - a wand of random effects (26)
Scrolls
 e - a scroll of enchant armour
 h - a scroll of blinking {unknown}
 k - 2 scrolls of identify
Potions
 d - a potion of brilliance {unknown}
 f - a potion of ambrosia {unknown}
 i - a potion of mutation {unknown}
 j - 3 potions of degeneration {unknown}
 m - a potion of magic {unknown}
 n - a potion of heal wounds {unknown}
 u - a potion of flight {unknown}
Comestibles
 c - 5 rations
 p - 5 chunks of flesh


   Skills:
 + Level 3.4 Fighting
 - Level 1.7 Short Blades
 + Level 2.3 Armour
 + Level 1.6 Dodging
 + Level 1.1 Shields
 * Level 4.1 Invocations


You had 3 spell levels left.
You didn't know any spells.
Your spell library was empty.

Dungeon Overview and Level Annotations

Branches:
Dungeon (2/15)

Altars:


Innate Abilities, Weirdness & Mutations

You have a pair of small antennae on your head.
You sometimes gain a little power by taking damage.


Message History

You hit the kobold.
The kobold is severely wounded.
You block the kobold's attack.
Your chain mail prevents you from hitting the kobold.
The kobold is severely wounded.
You block the kobold's attack.
You hit the kobold but do no damage.
The kobold is severely wounded.
You feel sick. You block the kobold's attack.
You closely miss the kobold.
The kobold is severely wounded.
The kobold hits you but does no damage.
You are electrocuted!
* * * LOW HITPOINT WARNING * * *
You closely miss the kobold.
The kobold is severely wounded.
The kobold hits you with a +2 short sword of electrocution.
* * * LOW HITPOINT WARNING * * *
You are electrocuted!!
Ouch! That really hurt!
You die...

....###..............,,,,,,,,,,,,
....................K,,,,,,,,,,,,
######...............,,,.,,,,,,,,
##...............#,,..,,,,,,,,
#................##...,,,,,,,,
####.#..........###....#,,,,,,,,,
.....##.........##...##..,,,,,,,,
................#........,,,,,,,,
................@K......#***,****
...................$....#*,,,,,**
........................#,,,,,,,*
........................#,,,,,,,*
................(........,,,_,,,,
...............#........#,,,,,,,*
..............##........#,,,,,,,*
.....#....#.###.........#*,,,,,**
#####.....#....,,,,,,,,,****,****


You could see a kobold.

Vanquished Creatures
  4 adders (D:2)
  A dart slug (D:1)
  3 leopard geckos
  4 giant cockroaches
  10 goblins
  A hobgoblin (D:2)
  5 jackals (D:1)
  6 kobolds
  A quokka (D:2)
  6 bats (D:1)
  3 frilled lizards
  5 rats
49 creatures vanquished.

Notes
Turn   | Place    | Note
-------+----------+-------------------------------------------
     0 | Abyss:1  | goulibeur the Demonspawn Abyssal Knight began the quest for
                  | the Orb.
     0 | Abyss:1  | Reached XP level 1. HP: 18/18 MP: 2/2
    49 | Abyss:1  | Noticed a starcursed mass
    50 | D:1      | Escaped the Abyss
    69 | D:1      | Reached skill level 1 in Dodging
    94 | D:1      | Reached * piety under Lugonu
   137 | D:1      | Gained mutation: You have a pair of small antennae on your
                  | head. [demonic ancestry]
   137 | D:1      | Reached XP level 2. HP: 24/24 MP: 4/4
   142 | D:1      | Reached skill level 3 in Invocations
   655 | D:1      | Reached XP level 3. HP: 29/29 MP: 5/5
   733 | D:1      | Reached ** piety under Lugonu
  1205 | D:2      | Reached skill level 1 in Shields
  1205 | D:2      | Gained mutation: You sometimes gain a little power by
                  | taking damage. [demonic ancestry]
  1205 | D:2      | Reached XP level 4. HP: 11/35 MP: 6/6
  1490 | D:2      | Reached skill level 4 in Invocations
  1543 | D:2      | Demolished by a kobold

Skill      XL: |  1  2  3  4 |
---------------+-------------+-----
Dodging        | 1 |  1.6
Invocations    | 3 4 |  4.1
Armour         | 2 |  2.3
Shields        | 1 |  1.1
Fighting       | |  3.4
Short Blades   | |  1.7

Action                   |  1- 3 |  4- 6 || total
-------------------------+-------+-------++-------
Melee: Short sword       |   140 |    40 ||   180
Invok: Depart the Abyss  |     1 |       ||     1
  Use: Scroll            |     6 |       ||     6
  Eat: Chunk             |     1 |     1 ||     2
Armor: Leather armour    |    26 |       ||    26
       Chain mail        |    19 |    13 ||    32
Dodge: Dodged            |    68 |     5 ||    73
Block: Buckler           |    11 |    10 ||    21
